 Dungeon Crawl Stone Soup version 0.20-a0-1116-gaa52201 (webtiles) character file.

170 Neonleon the Slasher (level 5, -4/47 HPs)
             Began as a Hill Orc Berserker on Dec 19, 2016.
             Was a Believer of Trog.
             Slain by a scorpion (8 damage)
             ... on level 4 of the Dungeon on May 8, 2017.
             The game lasted 00:12:03 (1903 turns).

Neonleon the Slasher (Hill Orc Berserker)           Turns: 1903, Time: 00:12:04

Health: -4/47      AC:  3    Str: 21    XL:     5   Next: 50%
Magic:  5/5        EV:  9    Int:  7    God:    Trog [**....]
Gold:   175        SH:  7    Dex: 10    Spells: 4/4 levels left

rFire    + . .     SeeInvis .   a - +0 falchion
rCold    . . .     Gourm    .   s - +0 shield
rNeg     . . .     Faith    .   b - +0 animal skin
rPois    .         Spirit   .   (no helmet)
rElec    .         Reflect  .   (no cloak)
rCorr    .         Harm     .   q - +0 pair of gloves
MR       .....                  (no boots)
Stlth    +.........             (no amulet)
Regen    0.2/turn               d - ring of protection from fire
MPRegen  0.1/turn               (no ring)

@: no status effects
A: no striking features
a: Berserk, Trog's Hand, Burn Spellbooks, Renounce Religion


You were on level 4 of the Dungeon.
You worshipped Trog.
Trog was pleased with you.
You were not hungry.

You visited 1 branch of the dungeon, and saw 4 of its levels.

You collected 175 gold pieces.

Inventory:

Hand Weapons
 a - a +0 falchion (weapon)
Armour
 b - a +0 animal skin (worn)
 o - a +0 pair of gloves
 q - a +0 pair of gloves (worn)
 s - a +0 shield (worn)
 v - a +0 chain mail
Jewellery
 d - a ring of protection from fire (left hand)
Wands
 t - a wand of flame (10/48)
 y - a wand of enslavement (17/24)
Scrolls
 e - 3 scrolls of identify {unknown}
 k - a scroll of teleportation {unknown}
 l - a scroll of random uselessness {unknown}
 m - 2 scrolls of enchant weapon {unknown}
 n - a scroll of noise {unknown}
 r - a scroll of enchant armour {unknown}
 u - a scroll of remove curse {unknown}
 w - 2 scrolls of blinking {unknown}
Potions
 g - a potion of brilliance {unknown}
 h - a potion of heal wounds
 i - a potion of degeneration {unknown}
 j - a potion of mutation {unknown}
 x - a potion of ambrosia {unknown}
Comestibles
 c - a bread ration
 f - 3 meat rations
 p - a royal jelly


   Skills:
 + Level 4.6 Fighting
 + Level 4.6 Long Blades
 + Level 2.5 Armour
 + Level 2.7 Dodging
 + Level 0.8 Stealth
 + Level 0.7 Shields


You had 4 spell levels left.
You didn't know any spells.

Dungeon Overview and Level Annotations

Branches:
Dungeon (4/15)
 Temple: D:4-7

Altars:
Zin


Message History

A scorpion is nearby!
A scorpion is nearby!
A scorpion is nearby!
A scorpion is nearby!
You start resting.
You feel yourself speed up.
Found a ring mail.
Found a stone staircase leading down.
You recover from your berserk rage.
You see here a ring mail.
Found a stone staircase leading down.
There is a stone staircase leading down here.
You hit the scorpion.
The scorpion is lightly wounded.
The scorpion stings you!
* * * LOW HITPOINT WARNING * * *
You hit the scorpion but do no damage.
The scorpion is lightly wounded.
The scorpion stings you!
You die...

#......#.#
#......#.#
########.### #.....#
#####.#.#.# #
####.......#.###.#..
#.....##........>...
##.##..#..........#
............##@###
###.##....[..s.#
#.....###.####
#####.....# #######


You could see a scorpion.

Vanquished Creatures
  A howler monkey (D:4)
  A centaur skeleton (D:4)
  6 adders
  A worm (D:2)
  2 dart slugs
  4 leopard geckos
  An orc (D:4)
  A giant cockroach (D:4)
  4 goblins
  3 hobgoblins (D:1)
  3 jackals (D:1)
  4 kobolds
  A quokka (D:3)
  8 bats
  2 frilled lizards
  A rat (D:1)
43 creatures vanquished.

Notes
Turn   | Place    | Note
-------+----------+-------------------------------------------
     0 | D:1      | Neonleon the Hill Orc Berserker began the quest for the Orb.
     0 | D:1      | Reached XP level 1. HP: 19/19 MP: 1/1
    88 | D:1      | Reached XP level 2. HP: 21/27 MP: 2/2
   561 | D:2      | Reached XP level 3. HP: 33/33 MP: 3/3
   566 | D:2      | Found a glowing silver altar of Zin.
   828 | D:2      | Reached XP level 4. HP: 26/40 MP: 4/4
   949 | D:2      | Reached ** piety under Trog
  1447 | D:3      | Upgraded the game from 0.20-a0-307-gd0bf4df to 0.20-a0-1116-gaa52201
  1806 | D:4      | Reached XP level 5. HP: 19/47 MP: 5/5
  1903 | D:4      | Slain by a scorpion

Vault maps used:
D:1:      dpeg_arrival_morbid_curiosity
D:2:      zin_academy, lemuel_coloured_pillars_altar
D:3:      due_unseen_surprise
D:4:      first_bread, uniq_crazy_yiuf_cottage, uniq_menkaure

Skill      XL: |  1  2  3 |
---------------+----------+-----
Fighting       | 4 |  4.6
Dodging        | 2 |  2.7
Long Blades    | 4 |  4.6
Armour         | |  2.5
Stealth        | |  0.8
Shields        | |  0.7

Action                   |  1- 3 |  4- 6 || total
-------------------------+-------+-------++-------
Melee: Falchion          |    95 |    69 ||   164
Invok: Berserk           |       |     1 ||     1
Evoke: Wand              |       |     1 ||     1
  Use: Potion            |     1 |       ||     1
 Stab: Sleeping          |       |     1 ||     1
       Distracted        |       |     1 ||     1
  Eat: Fruit             |       |     3 ||     3
       Bread ration      |       |     1 ||     1
Armor: Animal skin       |    17 |    19 ||    36
Dodge: Dodged            |    78 |    31 ||   109
Block: Shield            |       |    14 ||    14
       Rpst.: Falchion   |    23 |     7 ||    30
